Cogmind - Beta 13 @@@ ROGUE MODE // 2024.04.18 @ 03:55:07 Player: Copyrite Result: Destroyed by Y-64 Sentinel with KE Penetrator Performance ------------- Evolutions (5) 2500 Regions Visited (14) 2800 Robots Destroyed (47) 235 Value Destroyed (1252) 1252 Prototype IDs (5) 100 Alien Tech Used (0) 0 Bonus (634) 634 TOTAL SCORE: 7521 Bonus ------- Follower Combat Kills 134 Entered DSFs 500 Cogmind --------- Core Integrity 0/1000 Matter 278/300 Energy 100/100 System Corruption 10% Temperature Cool (0) Movement Core (50) Location -5/Extension Parts ------- > --- POWER (2) -------- (None) > --- PROPULSION (4) --- (None) > --- UTILITY (9) ------ Advanced Visual Processing Unit Advanced Terrain Scan Processor Improved Target Analyzer System Shield > --- WEAPON (2) ------- (None) > --- INVENTORY (5) ---- Advanced Terrain Scanner Advanced ECM Suite Peak State ------------ > --- POWER ------------ Fission Core Micro Fission Core > --- PROPULSION ------- Armored Medium Treads Advanced Heavy Siege Treads Makeshift Flight Unit > --- UTILITY ---------- Advanced Visual Processing Unit Improved Signal Interpreter Advanced Terrain Scanner Advanced Terrain Scan Processor Transmission Jammer Advanced ECM Suite Hacking Suite Hacking Suite Makeshift Hacking Suite > --- WEAPON ----------- Variable Charge Gun Chainsword > --- INVENTORY -------- Makeshift Power Source Improved Target Analyzer Reaction Control System Falx [Rating: 83] Favorites ----------- Power Micro Fission Core Engine Makeshift Power Source Power Core Micro Fission Core Reactor Zero-point Reactor Propulsion Makeshift Flight Unit Treads Light Treads Wheel Compact Wheel Hover Unit Linear Gravjet Flight Unit Makeshift Flight Unit Utility Hacking Suite Device Transmission Jammer Storage Small Storage Unit Processor Advanced Visual Processing Unit Hackware Hacking Suite Protection Propulsion Shielding Weapon Assault Rifle Energy Gun Variable Charge Gun Ballistic Gun Assault Rifle Launcher Mini Grenade Launcher Special Weapon RU-N14's Throwing Claymores Impact Weapon Power Maul Slashing Weapon Falx Build | -11 -10 -9 -8 -7 -7 -7 -7 -6 -6 -6 -5 -5 -5 -5 ------- Run | Yrd Mat Mat Mat Fac Low Low Zio Pro Fac DSF Fac Was Fac Ext Slots Evolved 10 | . . 2 2 2 . . . . 2 . 2 . . . Power 1 | . . . . 1 . . . . . . . . . . Propulsion 2 | . . 1 1 . . . . . . . . . . . Utility 7 | . . 1 1 1 . . . . 2 . 2 . . . Weapon . | . . . . . . . . . . . . . . . Parts Attached 129 | 6 24 8 13 3 3 2 12 1 4 1 19 5 13 15 Power 27 | 1 4 2 4 1 2 . 3 . . . 3 2 3 2 Engine 15 | 1 4 2 2 1 2 . 2 . . . 1 . . . Core 10 | . . . 2 . . . 1 . . . 2 . 3 2 Reactor 2 | . . . . . . . . . . . . 2 . . Propulsion 47 | 2 9 2 4 1 . . 2 . . . 9 2 5 11 Treads 10 | 2 5 . . . . . . . . . 2 . . 1 Leg . | . . . . . . . . . . . . . . . Wheel 2 | . 2 . . . . . . . . . . . . . Hover 5 | . . . . . . . . . . . . . . 5 Flight 30 | . 2 2 4 1 . . 2 . . . 7 2 5 5 Utility 30 | 1 5 2 3 1 1 1 3 . 4 . 4 . 3 2 Device 14 | . 2 . 1 . 1 1 1 . 4 . 2 . 1 1 Storage 3 | 1 1 1 . . . . . . . . . . . . Processor 6 | . 1 . 1 1 . . . . . . 1 . 1 1 Hackware 6 | . 1 . 1 . . . 2 . . . 1 . 1 . Protection 1 | . . 1 . . . . . . . . . . . . Artifact . | . . . . . . . . . . . . . . . Weapon 25 | 2 6 2 2 . . 1 4 1 . 1 3 1 2 . Energy Gun 1 | . . . . . . . . . . . 1 . . . Energy Cannon . | . . . . . . . . . . . . . . . Ballistic Gun 13 | 2 6 1 1 . . . 1 . . . . . 2 . Ballistic Cannon . | . . . . . . . . . . . . . . . Launcher 2 | . . 1 1 . . . . . . . . . . . Special Weapon 2 | . . . . . . . 1 1 . . . . . . Impact Weapon 1 | . . . . . . . . . . 1 . . . . Slashing Weapon 6 | . . . . . . 1 2 . . . 2 1 . . Piercing Weapon . | . . . . . . . . . . . . . . . Special Melee Weapon . | . . . . . . . . . . . . . . . Unidentified Prototypes 5 | . . . 1 1 . . 2 . . . . 1 . . Parts Lost 47 | . 2 1 7 2 1 2 . . . 3 5 . 1 23 Power 12 | . 1 . 2 . . 1 . . . 1 3 . . 4 Propulsion 22 | . . . 3 2 1 . . . . 2 1 . 1 12 Utility 9 | . . . 1 . . 1 . . . . 1 . . 6 Weapon 4 | . 1 1 1 . . . . . . . . . . 1 Highest Loss Streak 8 | . 2 1 3 1 1 1 . . . 2 3 . 1 8 To Critical Strikes 1 | . 1 . . . . . . . . . . . . . Average Slot Usage (%) 82 | . 89 95 81 85 49 36 83 92 93 73 78 82 97 80 Engine 7 | . 13 11 6 6 4 . 12 15 13 7 2 . . . Core 3 | . . . 1 7 3 . . . . . 6 . 10 9 Treads 3 | . 12 . . . . . . . . . 5 . . . Wheel 1 | . 7 . . . . . . . . . . . . . Flight 14 | . 7 33 26 28 10 7 20 23 20 12 6 23 22 11 Device 7 | . 7 11 8 5 . . . . 13 13 14 11 11 9 Storage 2 | . 10 . 3 . . . . . . . . . . . Processor 12 | . 3 . 2 15 15 15 15 15 13 13 17 17 21 20 Hackware 13 | . 2 11 18 15 15 13 20 23 20 20 17 17 17 13 Ballistic Gun 7 | . 22 10 6 5 . . 6 2 . . . . 3 2 Slashing Weapon 2 | . . . . . . . 7 7 6 . 4 5 5 3 Naked Turns . | . . . . . . . . . . . . . . . Heaviest Build 50 | 12 50 11 13 16 7 5 16 18 20 21 28 23 23 21 Greatest Support 107 | 40 40 12 18 19 9 5 21 21 21 21 107 23 27 45 Greatest Overweight (x) 3 | 1 3 . 1 1 . . . . . 1 3 . . . Average Overweight (x) . | . . . . . . . . . . . . . . . Largest Inventory Capacity 20 | 8 20 8 8 5 5 5 5 5 5 5 5 5 5 5 Average Capacity 6 | 6 10 5 6 5 5 5 5 5 5 5 5 5 5 5 Most Carried 7 | 6 7 6 6 5 5 5 5 5 4 5 5 5 5 5 Average Carried 4 | 3 5 4 5 4 4 4 4 5 3 4 3 4 4 3 Final Capacity 8 | 8 5 8 5 5 5 5 5 5 5 5 5 5 5 5 Final Carried 6 | 6 5 6 5 5 5 5 5 5 4 5 5 5 4 2 Class Distribution -------------------- 29% | Mutant 23% | Hacker-Mutant 11% | Hacker-Ninja 10% | Hacker-Sprinter 9% | Derelict-Mutant 6% | Hacker-Assassin 4% | Hacker-Scout 3% | Sprinter Dominant Class ---------------- Mutant | -10/Materials Sprinter | -9/Materials Hacker-Mutant | -8/Materials Hacker-Mutant | -7/Factory Hacker-Mutant | -7/Lower Caves Hacker-Mutant | -7/Lower Caves Derelict-Mutant | -7/Zion Hacker-Mutant | -6/Proximity Caves Hacker-Mutant | -6/Factory Hacker-Mutant | -6/DSF Hacker-Assassin | -5/Factory Hacker-Assassin | -5/Waste Hacker-Ninja | -5/Factory Hacker-Sprinter | -5/Extension Resources | -11 -10 -9 -8 -7 -7 -7 -7 -6 -6 -6 -5 -5 -5 -5 ----------- Run | Yrd Mat Mat Mat Fac Low Low Zio Pro Fac DSF Fac Was Fac Ext Matter Collected 1476 | 180 249 27 85 . 73 72 91 14 . 125 263 . 28 269 Remotely . | . . . . . . . . . . . . . . . Salvage Created 1567 | . 304 108 273 . . . . . . 267 214 . 28 373 Parts 101 | . 26 11 21 . . . . . . 1 19 . 2 21 Haulers Intercepted 2 | . . . 2 . . . . . . . . . . . Recyclers Shooed 1 | . . . 1 . . . . . . . . . . . Parts Field Recycled . | . . . . . . . . . . . . . . . Retrieved Matter . | . . . . . . . . . . . . . . . Parts Self-Destructed 1 | . . . . . . . . 1 . . . . . . Prevented . | . . . . . . . . . . . . . . . Kills | -11 -10 -9 -8 -7 -7 -7 -7 -6 -6 -6 -5 -5 -5 -5 ------- Run | Yrd Mat Mat Mat Fac Low Low Zio Pro Fac DSF Fac Was Fac Ext Combat Hostiles Destroyed 37 | . 10 6 8 . . . . . . . 6 . . 7 Melee 9 | . . . . . . . . . . . 6 . . 3 Guns 16 | . 10 . 2 . . . . . . . . . . 4 AOE 12 | . . 6 6 . . . . . . . . . . . Classes Destroyed 11 | . 4 1 4 . . . . . . . 1 . 1 . Worker 1 | . . . . . . . . . . . . . 1 . Builder 2 | . . . 2 . . . . . . . . . . . Hauler 2 | . . . 2 . . . . . . . . . . . Recycler 1 | . . . 1 . . . . . . . . . . . Operator 2 | . 1 . 1 . . . . . . . . . . . Watcher 2 | . 1 . . . . . . . . . . . . 1 Swarmer 21 | . 6 3 4 . . . . . . . 4 . . 4 Grunt 8 | . 4 2 2 . . . . . . . . . . . Duelist 1 | . . 1 . . . . . . . . . . . . Sentry 5 | . . . 2 . . . . . . . . . . 3 Hunter 2 | . . . . . . . . . . . 2 . . . Best Kill Streak 6 | . 4 5 6 . . . . . . . 2 . 1 4 Combat Bots Only 5 | . 4 5 4 . . . . . . . 2 . . 4 Max Kills in Single Turn 4 | . 1 3 4 . . . . . . . 1 . 1 1 Gunslinging . | . . . . . . . . . . . . . . . Exploded 3 | . . 3 2 . . . . . . . . . . . Melee 1 | . . . . . . . . . . . 1 . . 1 Uniques/NPCs Destroyed . | . . . . . . . . . . . . . . . Combat | -11 -10 -9 -8 -7 -7 -7 -7 -6 -6 -6 -5 -5 -5 -5 -------- Run | Yrd Mat Mat Mat Fac Low Low Zio Pro Fac DSF Fac Was Fac Ext Hostile Shots Fired 519 | . 70 9 39 75 12 14 . . . 7 91 . 11 191 Missed 216 | . 22 4 13 55 7 5 . . . 3 26 . 7 74 Damage Taken 5048 | . 438 65 408 249 93 143 . . . 153 962 . 82 2455 Core 1474 | . 112 30 102 87 14 102 . . . 23 98 . . 906 Absorbed by Shields 17 | . . . . . . . . . . 8 . . . 9 Redirected to Shielding 4 | . . 4 . . . . . . . . . . . . Core Remaining (%) 82 | 100 55 92 81 . . . . 71 . 97 . . . . Volleys Fired 84 | . 41 4 22 1 . . . . . 5 . . . 11 Largest 2 | . 2 1 1 1 . . . . . 1 . . . 1 Hottest 40 | . 40 30 30 20 . . . . . . . . . 33 Shots Fired 108 | . 64 4 22 1 . . . . . 5 . . 1 11 Gun 83 | . 64 . 6 1 . . . . . . . . 1 11 Cannon . | . . . . . . . . . . . . . . . Launcher 20 | . . 4 16 . . . . . . . . . . . Special 5 | . . . . . . . . . . 5 . . . . Kinetic 83 | . 64 . 6 1 . . . . . . . . 1 11 Thermal . | . . . . . . . . . . . . . . . Explosive 25 | . . 4 16 . . . . . . 5 . . . . Electromagnetic . | . . . . . . . . . . . . . . . Robot Hit Streak 7 | . 7 . 6 . . . . . . . . . 3 2 Robot Miss Streak 5 | . 5 . 2 . . . . . . . . . . 2 Penetration Max 1 | . . . . . . . . . . . . . . 1 Secondary Targets . | . . . . . . . . . . . . . . . Shots Hit Robots 82 | . 37 . 14 . . . . . . . 17 . 1 13 Core Hits 79 | . 18 7 25 . . . . . . 10 8 . 1 10 Critical Kills . | . . . . . . . . . . . . . . . Critical Parts Destroyed 2 | . 1 . . . . . . . . . . . . 1 Critical Strikes 4 | . 1 . . . . . . . . . 1 . . 2 Destroy 2 | . 1 . . . . . . . . . . . . 1 Sever 2 | . . . . . . . . . . . 1 . . 1 Melee Attacks 58 | . . . . . . . 4 . . . 30 . 14 10 Impact . | . . . . . . . . . . . . . . . Slashing 58 | . . . . . . . 4 . . . 30 . 14 10 Piercing . | . . . . . . . . . . . . . . . Sneak Attacks 1 | . . . . . . . . . . . 1 . . . Combat Hostiles . | . . . . . . . . . . . . . . . Follow-up Attacks 3 | . . . . . . . . . . . 3 . . . Damage Inflicted 3940 | . 478 267 895 . . . . . . 1046 660 . 47 547 Guns 719 | . 474 . 46 . . . . . . . . . 47 152 Cannons . | . . . . . . . . . . . . . . . Explosions 2068 | . . 267 849 . . . . . . 952 . . . . Melee 1015 | . . . . . . . . . . . 660 . . 355 Ramming 44 | . 4 . . . . . . . . . . . . 40 Kinetic 719 | . 474 . 46 . . . . . . . . . 47 152 Thermal . | . . . . . . . . . . . . . . . Explosive 2068 | . . 267 849 . . . . . . 952 . . . . Electromagnetic . | . . . . . . . . . . . . . . . Impact . | . . . . . . . . . . . . . . . Slashing 1109 | . . . . . . . . . . 94 660 . . 355 Piercing . | . . . . . . . . . . . . . . . Highest Corruption 10 | . . . . . . . . . . . 1 9 10 10 Average Corruption 9 | . . . . . . . . . . . 1 6 9 10 Corruption Purged . | . . . . . . . . . . . . . . . Corruption Blocked . | . . . . . . . . . . . . . . . Effects 42 | . . . . . . . . . . . . 2 19 21 Message Errors 10 | . . . . . . . . . . . . . 6 4 Matter Fused 10 | . . . . . . . . . . . . . 5 5 Heat Flow Errors 4 | . . . . . . . . . . . . 1 1 2 Energy Discharges 7 | . . . . . . . . . . . . 1 3 3 Data Loss (minor) 5 | . . . . . . . . . . . . . 3 2 Data Loss (major) 1 | . . . . . . . . . . . . . . 1 Misfires 1 | . . . . . . . . . . . . . 1 . Misdirections 4 | . . . . . . . . . . . . . . 4 Overload Shots . | . . . . . . . . . . . . . . . Overflow Damage 138 | . . . 3 . . . . . . 30 60 . . 45 Projectiles . | . . . . . . . . . . . . . . . Explosions 33 | . . . 3 . . . . . . 30 . . . . Melee 105 | . . . . . . . . . . . 60 . . 45 Knockbacks 1 | . . . . . . . . . . . . . . 1 Impact 1 | . . . . . . . . . . . . . . 1 Kinetic . | . . . . . . . . . . . . . . . Secondary . | . . . . . . . . . . . . . . . Self-Inflicted Damage 59 | . 2 . 40 . . . . . . . . . . 17 Shots 2 | . . . 2 . . . . . . . . . . . Rammed 10 | . 2 . . . . . . . . . . . . 8 Targets Rammed 10 | . 2 . . . . . . . . . . . . 8 Kicked . | . . . . . . . . . . . . . . . Crushed . | . . . . . . . . . . . . . . . Highest Temperature 260 | . 3 16 15 8 . . . . . . . 260 253 255 Average Temperature 79 | . 2 7 5 5 . . . . . . . 239 110 70 Received Heat Transfer 969 | . 87 45 153 27 36 18 . . . 12 45 . 36 510 Siege Activations . | . . . . . . . . . . . . . . . Robots Corrupted . | . . . . . . . . . . . . . . . Combat Hostiles . | . . . . . . . . . . . . . . . Parts Fried . | . . . . . . . . . . . . . . . Impact Corruptions . | . . . . . . . . . . . . . . . Robots Melted . | . . . . . . . . . . . . . . . Combat Hostiles . | . . . . . . . . . . . . . . . Parts Melted . | . . . . . . . . . . . . . . . Heat Transferred . | . . . . . . . . . . . . . . . Parts Sabotaged . | . . . . . . . . . . . . . . . Parts Stolen . | . . . . . . . . . . . . . . . Parts Stripped . | . . . . . . . . . . . . . . . Power Chain Reactions . | . . . . . . . . . . . . . . . Alert | -11 -10 -9 -8 -7 -7 -7 -7 -6 -6 -6 -5 -5 -5 -5 ------- Run | Yrd Mat Mat Mat Fac Low Low Zio Pro Fac DSF Fac Was Fac Ext Peak Influence 413 | . 207 205 413 372 . . . . . 75 185 108 312 332 Initial 187 | . . 14 76 187 . . . . . . 12 63 75 80 Average 107 | . 69 76 227 255 . . . . . 43 38 81 206 159 Maximum Alert Level 2 | . 1 1 2 1 . . . . . . . . 1 1 Low Security (%) 79 | 100 91 92 41 16 . . . . 100 100 100 100 52 70 Level 1 20 | . 8 7 57 83 . . . . . . . . 47 29 Level 2 . | . . . 1 . . . . . . . . . . . Level 3 . | . . . . . . . . . . . . . . . Level 4 . | . . . . . . . . . . . . . . . Level 5 . | . . . . . . . . . . . . . . . High Security . | . . . . . . . . . . . . . . . Max Security . | . . . . . . . . . . . . . . . Squads Dispatched 10 | . 1 2 . 1 . . . . . 1 1 . 3 1 Investigation 5 | . . 1 . 1 . . . . . . . . 2 1 Extermination 2 | . . . . . . . . . . . 1 . 1 . Reinforcement 3 | . 1 1 . . . . . . . 1 . . . . Assault . | . . . . . . . . . . . . . . . Garrison . | . . . . . . . . . . . . . . . Intercept . | . . . . . . . . . . . . . . . Searches Triggered . | . . . . . . . . . . . . . . . Construction Impeded . | . . . . . . . . . . . . . . . Haulers Reinforced . | . . . . . . . . . . . . . . . Active Scanning Responses . | . . . . . . . . . . . . . . . Cargo Convoy Interrupts . | . . . . . . . . . . . . . . . Stealth | -11 -10 -9 -8 -7 -7 -7 -7 -6 -6 -6 -5 -5 -5 -5 --------- Run | Yrd Mat Mat Mat Fac Low Low Zio Pro Fac DSF Fac Was Fac Ext Distress Signals 5 | . 1 1 1 . . . . . . . . . . 2 Communications Jammed 24 | . . . . . . . . . . . 6 . 2 16 Distress Signals 24 | . . . . . . . . . . . 6 . 2 16 Times Spotted 162 | . 20 13 14 14 15 8 . . . 3 22 4 16 33 Peak Tracking Total 10 | . 4 7 5 6 6 5 . . . 2 10 4 5 10 Tactical Retreats 25 | . . 1 2 3 4 2 . . . . 3 . 4 6 Traps | -11 -10 -9 -8 -7 -7 -7 -7 -6 -6 -6 -5 -5 -5 -5 ------- Run | Yrd Mat Mat Mat Fac Low Low Zio Pro Fac DSF Fac Was Fac Ext Traps Triggered 11 | . 5 . . . . . . . . 2 1 . 1 2 Indirectly . | . . . . . . . . . . . . . . . Trap Hack Attempts . | . . . . . . . . . . . . . . . Triggered . | . . . . . . . . . . . . . . . Disarmed . | . . . . . . . . . . . . . . . Reprogrammed . | . . . . . . . . . . . . . . . Reused . | . . . . . . . . . . . . . . . Traps Extracted . | . . . . . . . . . . . . . . . Installed . | . . . . . . . . . . . . . . . Triggered . | . . . . . . . . . . . . . . . Machines | -11 -10 -9 -8 -7 -7 -7 -7 -6 -6 -6 -5 -5 -5 -5 ---------- Run | Yrd Mat Mat Mat Fac Low Low Zio Pro Fac DSF Fac Was Fac Ext Machines Disabled 4 | . 1 1 1 . . . . . . . . . . 1 Max in Single Turn 1 | . 1 1 1 . . . . . . . . . . 1 Machines Repaired . | . . . . . . . . . . . . . . . Machines Dismantled . | . . . . . . . . . . . . . . . Machines Sabotaged . | . . . . . . . . . . . . . . . Overloaded Fab Kills . | . . . . . . . . . . . . . . . Hacking | -11 -10 -9 -8 -7 -7 -7 -7 -6 -6 -6 -5 -5 -5 -5 --------- Run | Yrd Mat Mat Mat Fac Low Low Zio Pro Fac DSF Fac Was Fac Ext Machines Accessed 36 | . 8 2 4 3 . . . . 1 . 3 . 8 7 Terminals 28 | . 7 2 3 2 . . . . 1 . 2 . 4 7 Fabricators 3 | . . . . . . . . . . . 1 . 2 . Repair Stations 1 | . . . . . . . . . . . . . 1 . Recycling Units 3 | . 1 . 1 1 . . . . . . . . . . Scanalyzers 1 | . . . . . . . . . . . . . 1 . Garrison Access . | . . . . . . . . . . . . . . . Total Hacks 93 | . 21 5 11 7 . . . . 1 . 8 . 24 16 Successful 57 | . 12 3 7 2 . . . . 1 . 7 . 18 7 Failed 36 | . 9 2 4 5 . . . . . . 1 . 6 9 Catastrophic 3 | . . . . 1 . . . . . . . . 1 1 Database Lockouts . | . . . . . . . . . . . . . . . Manual 46 | . 15 4 10 4 . . . . . . 3 . 8 2 Terminals 73 | . 17 5 10 4 . . . . 1 . 7 . 13 16 Fabricators 4 | . . . . . . . . . . . 1 . 3 . Repair Stations 1 | . . . . . . . . . . . . . 1 . Recycling Units 8 | . 4 . 1 3 . . . . . . . . . . Scanalyzers 7 | . . . . . . . . . . . . . 7 . Garrison Access . | . . . . . . . . . . . . . . . Terminal Hacks 24 | . 1 2 2 . . . . . 1 . 4 . 9 5 Record 8 | . . . . . . . . . . . 3 . 5 . Open Door 4 | . . . . . . . . . . . . . . 4 Open DSF 1 | . . . . . . . . . 1 . . . . . Level Access Points 1 | . . . . . . . . . . . . . 1 . Terminal Index 1 | . . . 1 . . . . . . . . . . . Alert Level 6 | . 1 1 1 . . . . . . . 1 . 1 1 Unreport Threat 1 | . . 1 . . . . . . . . . . . . Security Status 1 | . . . . . . . . . . . . . 1 . Reinforcement Status 1 | . . . . . . . . . . . . . 1 . Fabricator Hacks 3 | . . . . . . . . . . . 1 . 2 . Network Status 2 | . . . . . . . . . . . . . 2 . Build 1 | . . . . . . . . . . . 1 . . . Repair Station Hacks . | . . . . . . . . . . . . . . . Recycling Unit Hacks 5 | . 3 . 1 1 . . . . . . . . . . Process 2 | . 1 . . 1 . . . . . . . . . . Report Inventory 2 | . 1 . 1 . . . . . . . . . . . Retrieve Matter 1 | . 1 . . . . . . . . . . . . . Scanalyzer 4 | . . . . . . . . . . . . . 4 . Insert Component 2 | . . . . . . . . . . . . . 2 . Analyze 2 | . . . . . . . . . . . . . 2 . Garrison Access Hacks . | . . . . . . . . . . . . . . . Unauthorized Hacks 21 | . 8 1 4 1 . . . . . . 2 . 3 2 Terminals 20 | . 8 1 4 1 . . . . . . 2 . 2 2 Assimilate 4 | . 2 . 1 . . . . . . . . . . 1 Botnet 14 | . 5 1 2 1 . . . . . . 2 . 2 1 Operators 2 | . 1 . 1 . . . . . . . . . . . Fabricators 1 | . . . . . . . . . . . . . 1 . Download 1 | . . . . . . . . . . . . . 1 . Repair Stations . | . . . . . . . . . . . . . . . Recycling Units . | . . . . . . . . . . . . . . . Scanalyzers . | . . . . . . . . . . . . . . . Garrison Access . | . . . . . . . . . . . . . . . Data Cores Recovered . | . . . . . . . . . . . . . . . Used . | . . . . . . . . . . . . . . . Hacking Detections 27 | . 7 2 3 3 . . . . . . 1 . 7 4 Full Trace Events 5 | . . 1 1 1 . . . . . . . . 1 1 Feedback Events . | . . . . . . . . . . . . . . . Feedback Blocked . | . . . . . . . . . . . . . . . Robot Schematics Acquired . | . . . . . . . . . . . . . . . Robots Built . | . . . . . . . . . . . . . . . Authchips . | . . . . . . . . . . . . . . . Time . | . . . . . . . . . . . . . . . Total Robot Build Rating . | . . . . . . . . . . . . . . . Part Schematics Acquired . | . . . . . . . . . . . . . . . Parts Built 1 | . . . . . . . . . . . 1 . . . Authchips 1 | . . . . . . . . . . . 1 . . . Time 69 | . . . . . . . . . . . 69 . . . Total Part Build Rating 9 | . . . . . . . . . . . 9 . . . Parts Repaired . | . . . . . . . . . . . . . . . Time . | . . . . . . . . . . . . . . . Parts Recycled . | . . . . . . . . . . . . . . . Recycled Matter 360 | . 360 . . . . . . . . . . . . . Retrieved Matter 360 | . 360 . . . . . . . . . . . . . Retrieved Components . | . . . . . . . . . . . . . . . Parts Scanalyzed 1 | . . . . . . . . . . . . . 1 . Part Schematics Acquired . | . . . . . . . . . . . . . . . Parts Damaged . | . . . . . . . . . . . . . . . Bothacking | -11 -10 -9 -8 -7 -7 -7 -7 -6 -6 -6 -5 -5 -5 -5 ------------ Run | Yrd Mat Mat Mat Fac Low Low Zio Pro Fac DSF Fac Was Fac Ext Used RIF Installer . | . . . . . . . . . . . . . . . Robots Hacked . | . . . . . . . . . . . . . . . Non-combat . | . . . . . . . . . . . . . . . Combat . | . . . . . . . . . . . . . . . Robot Hacks Applied . | . . . . . . . . . . . . . . . Relay Couplers Released . | . . . . . . . . . . . . . . . Fabnet Peak Effective % . | . . . . . . . . . . . . . . . Robots Rewired . | . . . . . . . . . . . . . . . Allies Hacked 2 | . . . . . . . . . . 2 . . . . Hacks Repelled . | . . . . . . . . . . . . . . . Allies | -11 -10 -9 -8 -7 -7 -7 -7 -6 -6 -6 -5 -5 -5 -5 -------- Run | Yrd Mat Mat Mat Fac Low Low Zio Pro Fac DSF Fac Was Fac Ext Total Allies 13 | . 1 . 1 . . . 4 . . . . . . 7 Largest Group 4 | . 1 1 1 . . . 4 4 3 3 . . . 2 Highest-Rated Group 108 | . 10 10 10 . . . 108 108 78 78 . . . 51 Highest-Rated Ally 30 | . 10 10 10 . . . 30 30 28 28 . . . 26 Total Orders . | . . . . . . . . . . . . . . . Ally Attacks 34 | . . . . . . . . . . 17 . . . 17 Total Damage 882 | . . . . . . . . . . 329 . . . 553 Kills 3 | . . . . . . . . . . 3 . . . . Allies Corrupted . | . . . . . . . . . . . . . . . Allies Melted . | . . . . . . . . . . . . . . . Intel | -11 -10 -9 -8 -7 -7 -7 -7 -6 -6 -6 -5 -5 -5 -5 ------- Run | Yrd Mat Mat Mat Fac Low Low Zio Pro Fac DSF Fac Was Fac Ext Robot Analysis Total . | . . . . . . . . . . . . . . . Derelict Logs Recovered 4 | . . . . . 2 1 . 1 . . . . . . Drone Launches . | . . . . . . . . . . . . . . . Drone Recoveries . | . . . . . . . . . . . . . . . Exploration | -11 -10 -9 -8 -7 -7 -7 -7 -6 -6 -6 -5 -5 -5 -5 ------------- Run | Yrd Mat Mat Mat Fac Low Low Zio Pro Fac DSF Fac Was Fac Ext Turns Passed 4408 | 92 1021 168 196 151 218 156 421 238 72 107 633 43 461 431 Spaces Moved 6014 | 54 839 333 386 445 465 383 644 217 88 108 361 102 962 627 Core 11 | 9 1 . . . . . . . . . . . . 1 Treads 466 | 45 228 . . . . . . . . . 184 . . 9 Legs . | . . . . . . . . . . . . . . . Wheels 184 | . 184 . . . . . . . . . . . . . Hover 271 | . . . . . . . . . . . . . . 271 Flight 5082 | . 426 333 386 445 465 383 644 217 88 108 177 102 962 346 Fastest Speed 26 | 50 37 32 29 29 37 40 40 44 44 44 28 32 31 26 Average Speed 49 | 142 88 32 32 31 38 40 42 44 44 47 105 32 34 35 Slowest Speed 325 | 160 200 34 117 112 40 40 44 44 44 145 325 33 39 170 Overloaded Moves . | . . . . . . . . . . . . . . . Propulsion Burnouts . | . . . . . . . . . . . . . . . Robots Hopped 52 | . 20 1 6 5 1 . . . . . . . 8 11 Cave-ins Triggered . | . . . . . . . . . . . . . . . Exploration Rate (%) 49 | 4 91 39 47 12 66 65 78 38 4 90 12 93 28 81 Regions Visited 14 Branch Regions 5 Pre-discovered Areas 3 | . . . . . . . 3 . . . . . . . Known Exits Taken 7 | . . . 1 1 1 1 1 1 1 . . . . . Unknown Exits Taken 4 | 1 1 1 . . . . . . . . . . 1 . Scrap Searched 9 | . . . . . 2 3 3 1 . . . . . . Spaces Dug 22 | . . 8 . . . . . . . . . . 14 . Terrain Destroyed 143 | . . 26 95 . . . . . . 7 . . 14 1 Melee 14 | . . . . . . . . . . . . . 14 . Projectile 1 | . . . . . . . . . . . . . . 1 AOE 128 | . . 26 95 . . . . . . 7 . . . . Terrain Rammed . | . . . . . . . . . . . . . . . Walls Destroyed . | . . . . . . . . . . . . . . . Machines Disabled . | . . . . . . . . . . . . . . . Actions | -11 -10 -9 -8 -7 -7 -7 -7 -6 -6 -6 -5 -5 -5 -5 --------- Run | Yrd Mat Mat Mat Fac Low Low Zio Pro Fac DSF Fac Was Fac Ext Total 7176 | 66 1023 385 424 451 502 385 782 358 119 159 568 109 1058 787 Wait 784 | 1 118 38 6 . 28 . 115 141 27 2 154 . 58 96 Move 5901 | 53 798 330 375 434 462 382 643 216 87 107 361 101 946 606 Hop 48 | . 20 1 4 5 1 . . . . . . . 7 10 Pick Up 45 | 6 8 3 2 3 1 . 3 . 1 4 3 1 7 3 Fast Attach 66 | 6 18 2 6 1 2 1 6 . . . 6 2 6 10 Attach 25 | . 1 2 4 1 . 1 2 . 2 . 6 1 2 3 Detach 8 | . . . 1 1 3 1 1 . . . . . 1 . Swap 38 | . 5 4 3 1 1 . 4 1 2 1 7 2 5 2 Drop 53 | . 12 1 1 4 4 . 4 . . 4 4 2 12 5 Fire 84 | . 41 4 22 1 . . . . . 5 . . . 11 Melee 55 | . . . . . . . 4 . . . 27 . 14 10 Ram 5 | . 1 . . . . . . . . . . . . 4 Kick . | . . . . . . . . . . . . . . . Crush 6 | . 1 . . . . . . . . . . . . 5 Escape Stasis 57 | . . . . . . . . . . 35 . . . 22 Rewire 1 | . . . . . . . . . . 1 . . . . Trap . | . . . . . . . . . . . . . . . Miscellaneous . | . . . . . . . . . . . . . . . Route ------- -11/Scrapyard -10/Materials (discovered 5 exits: *Mat x3 / [*Min x2]) -9/Materials -8/Materials -7/Factory -7/Lower Caves -7/Lower Caves -7/Zion -6/Proximity Caves -6/Factory (discovered 3 exits: Low x2 / DSF) -6/DSF -5/Factory -5/Waste -5/Factory (discovered 5 exits: Fac x4 / *Ext) -5/Extension (discovered 2 exits: *Fac / [*Cet]) History --------- Turn | Location | Event 11 | -11/Scrapyard | Discovered new exit (range 16) 93 | -11/Scrapyard | Entered Materials 249 | -10/Materials | Discovered new exit (range 6) 300 | -10/Materials | Build established: Mutant 532 | -10/Materials | Discovered new exit (range 5) 621 | -10/Materials | Discovered new exit (range 16) 979 | -10/Materials | Discovered new exit (range 5) 1001 | -10/Materials | Discovered new exit (range 3) 1114 | -10/Materials | Entered another Materials area 1114 | -9/Materials | Accompanied by 1 ally 1114 | -9/Materials | Evolved 2 slots: Propulsion x1, Utility x1 1266 | -9/Materials | Discovered new exit (range 11) 1282 | -9/Materials | Entered another Materials area 1282 | -8/Materials | Evolved 2 slots: Propulsion x1, Utility x1 1464 | -8/Materials | Discovered new exit (range 16) 1469 | -8/Materials | Identified exit to Factory 1475 | -8/Materials | Lost 3 parts (1p1u1w) 1478 | -8/Materials | Entered Factory 1478 | -7/Factory | Evolved 2 slots: Power x1, Utility x1 1501 | -7/Factory | Discovered new exit (range 5) 1503 | -7/Factory | Identified exit to Lower Caves 1629 | -7/Factory | Entered Lower Caves 1739 | -7/Lower Caves | Learned 8 Factory zone layouts 1740 | -7/Lower Caves | Learned Factory stockpile data 1828 | -7/Lower Caves | Discovered new exit (range 14) 1847 | -7/Lower Caves | Identified exit to Lower Caves 1847 | -7/Lower Caves | Entered another Lower Caves area 1858 | -7/Lower Caves | Build established: Hacker-Mutant 1862 | -7/Lower Caves | Learned 4 Factory zone layouts 1969 | -7/Lower Caves | Ambushed by research squad 1983 | -7/Lower Caves | Discovered new exit (range 9) 1986 | -7/Lower Caves | Identified exit to Zion 2003 | -7/Lower Caves | Entered Zion 2016 | -7/Zion | Discovered new exit (range 19) 2040 | -7/Zion | Found Prototype Device 2040 | -7/Zion | Identified Phasing AFG 2150 | -7/Zion | Learned location of Quarantine (-3) 2162 | -7/Zion | Found Prototype Special Weapon 2163 | -7/Zion | Identified RU-N14's Throwing Claymores 2167 | -7/Zion | Found RU-N14's Throwing Claymores 2205 | -7/Zion | Learned location of Recycling (-7) 2207 | -7/Zion | Gained Derelict followers 2247 | -7/Zion | Learned location of Armory (-3) 2312 | -7/Zion | Identified exit to Proximity Caves 2377 | -7/Zion | Build established: Derelict-Mutant 2424 | -7/Zion | Entered Proximity Caves 2424 | -6/Proximity Caves | Accompanied by 4 allies 2570 | -6/Proximity Caves | Learned 8 Factory zone layouts 2580 | -6/Proximity Caves | Discovered new exit (range 5) 2581 | -6/Proximity Caves | Identified exit to Factory 2662 | -6/Proximity Caves | Entered Factory 2662 | -6/Factory | Accompanied by 3 allies 2662 | -6/Factory | Evolved 2 slots: Utility x2 2663 | -6/Factory | Identified exit to Lower Caves 2726 | -6/Factory | Identified exit to DSF 2734 | -6/Factory | Entered DSF 2734 | -6/DSF | Accompanied by 3 allies 2758 | -6/DSF | Additional patrols routed to DSF 2786 | -6/DSF | Discovered new exit (range 17) 2805 | -6/DSF | Build established: Hacker-Mutant 2840 | -6/DSF | Identified exit to Factory 2841 | -6/DSF | Entered Factory 2841 | -5/Factory | Evolved 2 slots: Utility x2 2922 | -5/Factory | Fabricated Adv. Heavy Siege Treads (x1) 3378 | -5/Factory | Discovered new exit (range 19) 3461 | -5/Factory | Lost 3 parts (2p1u) 3474 | -5/Factory | Manually triggered Chute Trap 3474 | -5/Factory | Sucked down chute 3474 | -5/Factory | Entered Waste 3475 | -5/Waste | Found Prototype Reactor 3475 | -5/Waste | Identified Zero-point Reactor 3481 | -5/Waste | Spotted C-40 Crusher 3481 | -5/Waste | Spotted C-40 Crusher 3483 | -5/Waste | Spotted C-40 Crusher 3489 | -5/Waste | EMP discharged 3491 | -5/Waste | Spotted C-40 Crusher 3495 | -5/Waste | Spotted C-40 Crusher 3496 | -5/Waste | Spotted C-40 Crusher 3513 | -5/Waste | Discovered new exit (range 10) 3516 | -5/Waste | Identified exit to Factory 3517 | -5/Waste | Entered Factory 3719 | -5/Factory | System corruption reached 10% 3781 | -5/Factory | Identified exit to Factory 3830 | -5/Factory | Spotted B-75 Beast 3904 | -5/Factory | Build established: Hacker-Ninja 3966 | -5/Factory | Discovered new exit (range 17) 3978 | -5/Factory | Entered Extension 4049 | -5/Extension | Rescued a captive Derelict 4100 | -5/Extension | Rescued a captive Derelict 4145 | -5/Extension | Rescued a captive Derelict 4146 | -5/Extension | Rescued a captive Derelict 4156 | -5/Extension | Lost 3 allies 4158 | -5/Extension | Lost 7 parts (1p4n2u) 4164 | -5/Extension | Spotted B-75 Beast 4167 | -5/Extension | Rescued a captive Derelict 4168 | -5/Extension | Rescued a captive Derelict 4181 | -5/Extension | Spotted B-75 Beast 4340 | -5/Extension | Discovered exit to Factory (range 20) 4340 | -5/Extension | Discovered new exit (range 20) 4346 | -5/Extension | Lost 8 parts (1p4n2u1w) 4373 | -5/Extension | Core integrity fell below 50% 4398 | -5/Extension | Core integrity fell below 20% 4409 | -5/Extension | Destroyed by Y-64 Sentinel with KE Penetrator Last Messages --------------- Imp. Corruption Screen destroyed. Slammed into L-41 Fighter. Linear Gravjet destroyed. Slug penetrates L-41 Fighter. L-41 Fighter destroyed. Acquired 58 matter. Critical hit (Burn: +37). Penetrated by Slug. Fusion Compressor destroyed. Penetrated by Slug. Slug penetrates Wall. Slammed into Y-64 Sentinel. Penetrated by Slug. Adv. Weight Redist. System destroyed. Arm. Medium Treads destroyed. Penetrated by Slug. System corrupted: Matter fused (-5). Slammed into G-50 Soldier. G-50 Soldier knocked back. Penetrated by Slug. Map ----- +----------------------------------------------------+ | | | | | | | | | | | | | | | | | | | | | | | | | ??????????????????????????????????????????????? | | ??????????????????????????????????????????????? | | ???######?????????????????????????????????????? | | # ] #?????????????????????############????? | | + ] #????????????????###??# #????? | | # ] #?####??????###### ##?# #????? | | ??? [#?# ??????+ ^ ###"" #????? | | ?????] #?# ?????#g " ""#"" #????? | | ?#+##+##### ###### T^ T"#"T #????? | | ?# ## ^!!""#"" #????? | | ????? ## ^]#?#"" #????? | | ??????????? ## ! #?# #????? | | ????????????????# ####;g*;### #????? | | ????????????????+ g@Y!Y ggg #????? | | ????????????????####### ####;##+######## #????? | | ??????????????????????# T#? ##T #?????# #????? | | ??????????????????????#"##?#??#"##?????# #????? | | ???????????????????????????????????????# #????? | | ???????????????????????????????????????# #????? | | ???????????????????????????????????????# #????? | | ???????????????????????????????????????# #????? | | ???????????????????????????????????????# #????? | | ???????????????????????????????????????# #????? | | ???????????????????????????????????????# #????? | | ???????????????????????????????????????# #????? | | ???????????????????????????????????????# #????? | | ???????????????????????????????????????# #????? | | ???????????????????????????????????????# #????? | | ???????????????????????????????????????# #????? | | ???????????????????????????????????????# #????? | | ???????????????????????????????????????# #????? | | ???????????????????????????????????????# #????? | | ???????????????????????????????????????# #????? | | ???????????????????????????????????????#!#????? | | ???????????????????????????????????##### ####?? | | ???????????????????????????????????# "" "" #?? | | #################################### " " ##? | | # | +----------------------------------------------------+ Best States ------------- Heat Dissipation 40 Energy Generation 43 Energy Capacity 405 Matter Stores 300 Matter Capacity 300 Sight Range 20 Robot Scan Range 14 Terrain Scan Range 20 Terrain Scan Density 210 ECM Strength 2 Jamming Range 12 Additional Mass Support 9 Corruption Block 8 Propulsion Shielding 33 Evasion (%) 72 Target Analysis 6 Recoil Reduction 3 Offensive Hacking 31 Defensive Hacking 10 Authchip Count 1 Item Schematics ----------------- None Robot Schematics ------------------ None Fabricated ------------ Adv. Heavy Siege Treads | x1 | -5/Factory | Preloaded, Authchip Alien Tech Used ----------------- None Achievements -------------- Wheee! Challenges ------------ None Game ------ Seed AntimatterLatentFrame Manual? 0 Play Time 01:24:01 Cumulative 32.4 hours Start 2024.04.18 @ 02:30:52 End 2024.04.18 @ 03:55:07 Sessions 1 Manual Loads 0 Difficulty Rogue Special Mode None Game No. 57 Rogue 57 Adventurer 0 Explorer 0 Win Type - Total 0 Types 0/0/0/0/0/0/0/0/0 Lore% 28 Gallery% 31 Achievement% 33 Wizard Run 0 Options --------- Layout 1 ASCII 0 Keyboard 0 Movement Numpad Keybinds 0 Fullscreen 1 Font 32/SmallcapsGlow Map View 50x35 Zoom Use 0% Tactical HUD 0 Map Filters NONE Filters NONE Steam 1 RUN: 114c8fa8-a613-4ada-ad7f-f527493ae199